 Dungeon Crawl Stone Soup version 0.18.1-8-gdd0e5ea (webtiles) character file.

132 Liquid the Shield-Bearer (level 5, -5/41 HPs)
             Began as a Human Fighter on June 3, 2016.
             Killed from afar by Sigmund (9 damage)
             ... with a puff of flame
             ... on level 2 of the Dungeon.
             The game lasted 00:03:28 (1806 turns).

Liquid the Shield-Bearer (Human Fighter)            Turns: 1806, Time: 00:03:29

Health: -5/41      AC:  8    Str: 17    XL:     5   Next: 38%
Magic:  5/5        EV:  7    Int:  9    God:
Gold:   55         SH:  9    Dex: 12    Spells: 0 memorised, 4 levels left

rFire  . . .     SeeInvis .     a - +0 trident
rCold  . . .     Gourm    .     b - +0 scale mail
rNeg   . . .     Faith    .     c - +0 shield
rPois  .         Spirit   .     d - +0 helmet
rElec  .         Dismiss  .     (no cloak)
rCorr  .         Reflect  .     (no gloves)
SustAt .         Harm     .     (no boots)
MR     .....                    (no amulet)
Stlth  ..........               (no ring)
                                (no ring)

@: exhausted, slowed, very slow, not resistant to hostile enchantments,
extremely unstealthy
A: no striking features
a: no special abilities


You were on level 2 of the Dungeon.
You were hungry.

You visited 1 branch of the dungeon, and saw 2 of its levels.

You collected 55 gold pieces.

Inventory:

Hand Weapons
 a - a +0 trident (weapon)
Armour
 b - a +0 scale mail (worn)
 c - a +0 shield (worn)
 d - a +0 helmet (worn)
Scrolls
 e - a scroll of blinking {unknown}
 h - a scroll of enchant weapon {unknown}
 i - 2 scrolls of remove curse
 o - a scroll of fear {unknown}
Potions
 k - 5 potions of curing {unknown}
 l - a potion of flight {unknown}
 n - 2 potions of berserk rage
Books
 m - a book of the Earth

   Spells                             Type                      Level
   a - Leda's Liquefaction            Hexes/Earth                  4
   b - Bolt of Magma                  Conjuration/Fire/Earth       5
   c - Statue Form                    Transmutation/Earth          6
   d - Iron Shot                      Conjuration/Earth            6
   e - Shatter                        Earth                        9
Comestibles
 f - 2 bread rations
 g - a meat ration
 j - a slice of pizza
 p - a chunk of flesh


   Skills:
 + Level 3.4 Fighting
 * Level 3.4 Polearms
 + Level 3.7 Armour
 + Level 3.9 Shields


You had 4 spell levels left.
You didn't know any spells.

Dungeon Overview and Level Annotations

Branches:
Dungeon (2/15)

Altars:
Ashenzari
Nemelex Xobeh
Ru
Xom

Annotations:
D:2 Sigmund


Message History

Unknown command.
You completely miss something. Something hits you.
Unknown command.
You bump into the rock wall.
Something hits you.
Unknown command.
Something hits you.
Unknown command.
You feel less confused. You block something's attack. Something hits you.
Something hits you.
A magic dart appears from out of thin air!
The magic dart hits you!
You hear some strange, mumbled words.
A puff of flame appears from out of thin air!
The puff of flame hits you!
* * * LOW HITPOINT WARNING * * *
A puff of flame appears from out of thin air!
The puff of flame hits you!
You die...

.####.......#########...(........
.............)..#_.+.............
..........#..#.###.≈..≈.).†......
..).......#..#.....≈..≈.)........
.♣......######.....≈≈≈≈≈≈...###..
..♣.......#...........≈.....#....
.P♣...........#####.........#....
.P♣######.............#..........
.♣♣.............@.....####.......
♣♣♣....................###.......
♣♣............######.............
###...........# #............. #
#...........# #............. #
#.....♣♣.♣..# #............. #
#...♣♣♣P.♣♣.######............. #
#..♣P♣♣♣♣.♣♣................... #
#.♣P)..P..P♣.............###.##


There were no monsters in sight!

Vanquished Creatures
  Terence (D:2)
  Ijyb (D:2)
  Robin (D:2)
  An adder (D:2)
  A worm (D:2)
  3 dart slugs
  2 giant geckos
  2 giant cockroaches (D:2)
  16 goblins
  6 hobgoblins
  3 jackals (D:1)
  6 bats
  3 kobolds
  2 rats
48 creatures vanquished.

Notes
Turn   | Place    | Note
--------------------------------------------------------------
     0 | D:1      | Liquid the Human Fighter began the quest for the Orb.
     0 | D:1      | Reached XP level 1. HP: 18/18 MP: 1/1
    48 | D:1      | Reached XP level 2. HP: 22/24 MP: 2/2
   305 | D:1      | Reached XP level 3. HP: 27/29 MP: 3/3
   752 | D:2      | Found a sacrificial altar of Ru.
   758 | D:2      | Noticed Terence
   776 | D:2      | Killed Terence
   776 | D:2      | Reached XP level 4. HP: 12/35 MP: 4/4
   939 | D:2      | Found a shattered altar of Ashenzari.
   952 | D:2      | Found a faded altar to an unknown god.
   985 | D:2      | Found a shimmering altar of Xom.
   985 | D:2      | Noticed Robin
  1000 | D:2      | Killed Robin
  1258 | D:2      | Reached XP level 5. HP: 33/41 MP: 5/5
  1609 | D:2      | Found a sparkling altar of Nemelex Xobeh.
  1699 | D:2      | Noticed Ijyb
  1717 | D:2      | Killed Ijyb
  1762 | D:2      | Noticed Sigmund
  1806 | D:2      | Killed from afar by Sigmund

Skill      XL: |  1  2  3 |
---------------+----------+-----
Polearms       | 3 |  3.4
Fighting       | |  3.4
Armour         | |  3.7
Shields        | |  3.9

Action                   |  1- 3 |  4- 6 || total
-------------------------+-------+-------++-------
Melee: Trident           |    95 |    88 ||   183
  Use: Potion            |       |     2 ||     2
       Scroll            |       |     1 ||     1
  Eat: Chunk             |       |     3 ||     3
Armor: Scale mail        |    42 |    34 ||    76
Dodge: Dodged            |    17 |    14 ||    31
Block: Shield            |    35 |    37 ||    72
